 Dungeon Crawl Stone Soup version 0.28-a0-1130-gc51a68064b (webtiles) character file.

Game seed: 15378826547730699861

11429 septik the Severer (level 11, -21/112 HPs)
             Began as a Minotaur Berserker on Dec 12, 2021.
             Was an Elder of Trog.
             Demolished by a skeletal warrior (30 damage)
             ... led by a skeletal warrior
             ... on level 12 of the Dungeon.
             The game lasted 00:27:52 (13155 turns).

septik the Severer (Minotaur Berserker)            Turns: 13155, Time: 00:27:53

Health: -21/112    AC: 13    Str: 31    XL:     11   Next: 49%
Magic:  10/10      EV:  8    Int:  4    God:    Trog [****..]
Gold:   303        SH:  0    Dex: 13    Spells: 10/10 levels left

rFire   . . .      SeeInvis .   a - +1 executioner's axe (vorpal)
rCold   . . .      Faith    .   (shield currently unavailable)
rNeg    . . .      Spirit   .   g - +0 plate armour
rPois   .          Reflect  .   (helmet restricted)
rElec   .          Harm     .   h - +0 cloak
rCorr   .          Rampage  .   k - +0 pair of gloves
Will    .....                   (no boots)
Stlth   ..........              (no amulet)
HPRegen 0.28/turn               i - +6 ring of strength
MPRegen 0.12/turn               G - +4 ring of slaying

@: on berserk cooldown, slowed, unable to read, very slow
A: horns 2, retaliatory headbutt, agile 1, inability to read while threatened
a: Renounce Religion, Berserk, Trog's Hand, Brothers in Arms


You were on level 12 of the Dungeon.
You worshipped Trog.
Trog was greatly pleased with you.
You visited 1 branch of the dungeon, and saw 12 of its levels.
You also visited: Ossuary and Bailey.

You collected 576 gold pieces.
You spent 273 gold pieces at shops.

Inventory:

Hand Weapons
 a - a +1 vorpal executioner's axe (weapon)
 I - a +0 hunting sling
 V - a +0 war axe
Missiles
 j - 288 stones (quivered)
 n - 53 poisoned darts
 y - 77 boomerangs
 B - a throwing net
 X - 3 boomerangs of dispersal
Armour
 g - a +0 plate armour (worn)
 h - a +0 cloak (worn)
 k - a +0 pair of gloves (worn)
Jewellery
 b - a ring of protection from cold
 c - an amulet of faith
 i - a +6 ring of strength (left hand)
 o - a ring of protection from fire
 F - a ring of fire
 G - a +4 ring of slaying (right hand)
 S - a ring of see invisible
 Y - a ring of protection from cold
Wands
 H - a wand of flame (15)
 K - a wand of acid (26)
 L - a wand of iceblast (9)
Scrolls
 e - 3 scrolls of identify
 l - 2 scrolls of vulnerability {unknown}
 m - 6 scrolls of blinking {unknown}
 q - 4 scrolls of teleportation
 r - a scroll of enchant armour {unknown}
 s - a scroll of fear {unknown}
 z - 2 scrolls of immolation {unknown}
 C - a scroll of enchant weapon {unknown}
 D - a scroll of amnesia {unknown}
 M - a scroll of fog {unknown}
 N - a scroll of silence {unknown}
 P - a scroll of torment {unknown}
 W - a scroll of holy word {unknown}
Potions
 d - 3 potions of berserk rage
 f - 6 potions of heal wounds {unknown}
 p - 3 potions of mutation
 t - 3 potions of curing
 u - 5 potions of degeneration
 v - 5 potions of might
 w - 2 potions of attraction
 x - 2 potions of flight {unknown}
 A - 3 potions of haste
 E - 2 potions of lignification {unknown}
 J - 3 potions of ambrosia
 O - 3 potions of resistance
 T - a potion of cancellation {unknown}
 U - a potion of magic {unknown}
Miscellaneous
 Q - a lightning rod (4/4)
 R - a phantom mirror


   Skills:
 + Level 15.2 Fighting
 - Level 16.0 Axes
 - Level 2.5 Armour
 - Level 2.2 Dodging


You had 10 spell levels left.
You didn't know any spells.
Your spell library was empty.

Dungeon Overview and Level Annotations

Branches:
Dungeon (12/15)            Temple (0/1) D:4            Lair (0/6) D:9
    Orc (0/2) D:10        Ossuary (visited)          Bailey (visited)

Altars:
Elyvilon
Ru
Zin
The Shining One

Shops:
D:1 (   D:4 [   D:5 (   D:7 **   D:12 [=


Innate Abilities, Weirdness & Mutations

You have a pair of horns on your head.
You reflexively headbutt those who attack you in melee.
You are agile. (Dex +2)
You sometimes lose the ability to read scrolls when taking damage.


Message History

The skeletal warrior hits you from afar with a +0 trident.
The skeletal warrior hits you with a +0 mace.
Unknown command.
You slice the skeletal warrior!!
You destroy the skeletal warrior!
Trog accepts your kill.
The skeletal warrior hits you from afar with a +0 trident!
Your Fighting skill increases to level 15!
Unknown command.
The skeletal warrior hits you with a +0 halberd!
Unknown command.
You slice the skeletal warrior!!
Your headbutt misses the skeletal warrior.
The skeletal warrior is moderately damaged.
You completely miss the skeletal warrior.
You are no longer berserk.
You are exhausted.
You feel yourself slow down.
The skeletal warrior hits you with a +0 trident!
You feel threatened and lose the ability to read scrolls!
You slash the skeletal warrior!
You headbutt the skeletal warrior, but do no damage.
The skeletal warrior is severely damaged.
You barely miss the skeletal warrior.
The skeletal warrior hits you with a +0 halberd!
The skeletal warrior hits you but does no damage.
The skeletal warrior hits you with a +0 halberd!
The skeletal warrior barely misses you.
You are too injured to fight recklessly!
Unknown command.
You are too injured to fight recklessly!
You slice the skeletal warrior!! You headbutt the skeletal warrior!
The skeletal warrior is severely damaged.
You closely miss the skeletal warrior.
The skeletal warrior hits you with a +0 halberd!!
* * * LOW HITPOINT WARNING * * *
The skeletal warrior hits you with a +0 trident!
* * * LOW HITPOINT WARNING * * *
The skeletal warrior hits you with a +0 halberd!!
You die...

. #...........#.......# .
+...∩.......'.......# ####
#......##+###.......# #...
#.8.<.8.....#.......# #...
#...........#.......# #...
+...8.......+....^..# #...
#+######'####.......# ####
##.....#z.)....# #...
#......'z@.....# #...
#......#.......##########'
#......#................#.
#########'###................#.
#....#.......................'.
#....#.......................#.
#....'.......############'####.
#....#.......#.....#...........
#....#.......'.....#...........


You could see 2 skeletal warriors.

Vanquished Creatures
  Erolcha (D:9)
  Erica (D:8)
  4 two-headed ogres
  Urug (D:10)
  A skeletal warrior (D:12)
  Maggie (D:6)
  A komodo dragon (D:10)
  4 yaks (D:9)
  3 shadows
  Grum (D:8)
  A steam dragon (D:7)
  2 vampire mosquitoes (D:11)
  3 wargs (D:9)
  Menkaure (D:5)
  3 acid dragons
  A water moccasin (D:8)
  3 orc warriors
  An ice beast (D:8)
  A black bear (D:7)
  4 necrophages
  3 wolves (D:8)
  5 ogres
  2 centaurs
  A kobold brigand (D:6)
  3 phantoms
  Blork the orc (D:5)
  A gnoll sergeant (D:8)
  2 elf zombies (Ossuary)
  2 bullfrogs (D:8)
  A scorpion (D:6)
  A troll zombie (D:10)
  3 wights (D:8)
  5 centaur zombies
  A bullfrog zombie (D:5)
  2 human zombies (Ossuary)
  A jelly (D:7)
  5 orc priests
  Terence (D:2)
  Jessica (D:2)
  3 iguanas
  6 orc wizards
  A scorpion zombie (D:5)
  2 killer bee zombies (D:6)
  5 ogre zombies (D:10)
  A hound zombie (Ossuary)
  A hound skeleton (D:4)
  4 mummies (Ossuary)
  A howler monkey zombie (D:5)
  20 gnolls
  3 adders
  2 ufetubi
  2 dart slugs
  13 orcs
  6 ball pythons
  12 endoplasms
  4 giant cockroaches
  6 goblins
  15 hobgoblins
  16 kobolds
  2 quokkas
  3 training dummies (D:5)
  3 bats
  9 frilled lizards
  A goblin skeleton (D:10)
  A goblin zombie (D:10)
  2 hobgoblin skeletons (D:10)
  3 hobgoblin zombies
  3 jackal zombies (Ossuary)
  3 kobold zombies (Ossuary)
  3 orc skeletons (D:10)
  10 orc zombies (D:10)
  3 rats (D:1)
248 creatures vanquished.

Notes
Turn   | Place    | Note
-------+----------+-------------------------------------------
     0 | D:1      | septik the Minotaur Berserker began the quest for the Orb.
     0 | D:1      | Reached XP level 1. HP: 19/19 MP: 0/0
   240 | D:1      | Reached skill level 4 in Axes
   240 | D:1      | Reached XP level 2. HP: 13/27 MP: 1/1
   477 | D:1      | Found Iqoll's Weapon Boutique.
  1067 | D:1      | You fall into a shaft and drop 1 floor!
  1070 | D:2      | Noticed Jessica
  1074 | D:2      | Killed Jessica
  1075 | D:2      | Reached skill level 5 in Axes
  1075 | D:2      | Reached XP level 3. HP: 33/33 MP: 2/2
  1294 | D:2      | Reached ** piety under Trog
  1808 | D:2      | Noticed Terence
  1815 | D:2      | Killed Terence
  1816 | D:2      | Reached skill level 6 in Axes
  1816 | D:2      | Reached XP level 4. HP: 40/40 MP: 3/3
  3015 | D:3      | Found a faded altar of an unknown god.
  3257 | D:4      | Reached XP level 5. HP: 46/46 MP: 4/4
  3287 | D:4      | Found a sand-covered staircase.
  3296 | Ossuary  | Entered an ossuary
  3307 | Ossuary  | Reached skill level 7 in Axes
  3311 | Ossuary  | Reached skill level 8 in Axes
  3311 | Ossuary  | Reached XP level 6. HP: 52/52 MP: 5/5
  3692 | D:4      | Reached skill level 9 in Axes
  3697 | D:4      | Reached *** piety under Trog
  3979 | D:4      | Found a staircase to the Ecumenical Temple.
  4035 | D:4      | Reached XP level 7. HP: 58/58 MP: 6/6
  4035 | D:4      | Found Ukhlioz's Antique Armour Shoppe.
  4364 | D:5      | Entered Level 5 of the Dungeon
  4600 | D:5      | Found Gonunag's Firing Range.
  4656 | D:5      | Found a sacrificial altar of Ru.
  4674 | D:5      | Found a white marble altar of Elyvilon.
  4704 | D:5      | Found a glowing silver altar of Zin.
  4709 | D:5      | Reached skill level 10 in Axes
  4934 | D:5      | Noticed Menkaure
  4941 | D:5      | Killed Menkaure
  5026 | D:5      | Reached skill level 11 in Axes
  5174 | D:5      | Noticed Blork the orc
  5180 | D:5      | Killed Blork the orc
  5483 | D:6      | Noticed Maggie
  5492 | D:6      | Killed Maggie
  5493 | D:6      | Reached skill level 12 in Axes
  5493 | D:6      | Reached XP level 8. HP: 66/66 MP: 7/7
  5535 | D:6      | Reached skill level 13 in Axes
  6068 | D:6      | Gained mutation: You sometimes lose the ability to read
                  | scrolls when taking damage. [potion of mutation]
  6068 | D:6      | Gained mutation: You are agile. (Dex +2) [potion of
                  | mutation]
  6074 | D:6      | HP: 1/66 [ogre (13)]
  6080 | D:6      | Reached skill level 14 in Axes
  6080 | D:6      | Reached XP level 9. HP: 5/71 MP: 8/8
  6699 | D:7      | Found Saysob's General Store.
  6707 | D:7      | Found Hurchur's Specific Store.
  6715 | D:7      | Bought a scroll of teleportation for 39 gold pieces
  6723 | D:7      | Bought a potion of curing for 39 gold pieces
  6723 | D:7      | Bought a ring of see invisible for 195 gold pieces
  6841 | D:7      | Found a flagged portal.
  6931 | Bailey   | Entered a bailey
  7160 | Bailey   | Reached **** piety under Trog
  7439 | Bailey   | Reached skill level 15 in Axes
  7788 | D:7      | Acquired a +1 vorpal executioner's axe
  8036 | D:8      | Reached skill level 16 in Axes
  8036 | D:8      | Noticed Grum
  8040 | D:8      | Reached skill level 5 in Fighting
  8040 | D:8      | Killed Grum
  8379 | D:8      | Reached XP level 10. HP: 51/86 MP: 9/9
  8543 | D:8      | Noticed Erica
  8552 | D:8      | Killed Erica
  8949 | D:9      | Found a staircase to the Lair.
  9230 | D:9      | Reached skill level 10 in Fighting
  9553 | D:9      | Noticed Erolcha
  9562 | D:9      | Killed Erolcha
  9671 | D:9      | Noticed a two-headed ogre
  9675 | D:9      | Killed a two-headed ogre
  9885 | D:9      | Found a glowing golden altar of the Shining One.
 10063 | D:10     | Entered Level 10 of the Dungeon
 10071 | D:10     | Noticed Urug
 10079 | D:10     | Killed Urug
 10080 | D:10     | Reached XP level 11. HP: 24/107 MP: 10/10
 10440 | D:10     | Noticed a two-headed ogre
 10445 | D:10     | Killed a two-headed ogre
 11004 | D:10     | Found a staircase to the Orcish Mines.
 11865 | D:11     | Noticed a two-headed ogre
 11872 | D:11     | Killed a two-headed ogre
 12137 | D:11     | Noticed a two-headed ogre
 12144 | D:11     | Killed a two-headed ogre
 13015 | D:12     | Found Vyawef's Armour Shop.
 13113 | D:12     | Found Neam's Jewellery Shoppe.
 13143 | D:12     | Noticed a skeletal warrior
 13143 | D:12     | Noticed a skeletal warrior
 13146 | D:12     | Noticed a skeletal warrior
 13151 | D:12     | Killed a skeletal warrior
 13152 | D:12     | Reached skill level 15 in Fighting
 13155 | D:12     | Demolished by a skeletal warrior

Illustrated notes

Levels and vault maps discovered:
D:1:      nicolae_arrival_memento_mori, layout_loops_ring, serial_shops, shop
D:2:      layout_loops_ring, uniq_jessica, uniq_terence
D:3:      layout_loops_ring, shapermc_ecumenical_altar_starsandcircs,
          serial_aquarium, aquarium_bridge_square [aquarium_subvault_bridge,
          aquarium_subvault_balcony, aquarium_subvault_bridge,
          aquarium_subvault_window], aquarium_window_2, aquarium_window_fake,
          aquarium_window_fake, aquarium_view_2c, aquarium_view_2d,
          aquarium_balcony_3b, aquarium_pool_2
D:4:      layout_loops_ring, minmay_temple_entry_large_hall,
          nicolae_ossuary_entry_ruins, serial_shops, nicolae_take_the_stairs
D:5:      layout_loops_ring, elyvilon_altar_3, lemuel_crystal_altar,
          hangedman_ru_absence, grunt_ministairs_4, nicolae_shop_firing_range,
          uniq_menkaure, uniq_blork_the_orc
D:6:      layout_basic, minmay_checkerbox, uniq_maggie
D:7:      layout_gridville, enter_bailey_8, nicolae_specific_store, minivault_11
D:8:      layout_cave_pools, uniq_erica, uniq_grum
D:9:      layout_loops_ring, nicolae_tso_swordbearing_angel,
          erik_lair_orcish_takeover, nicolae_figureground_sparkle, uniq_erolcha
D:10:     layout_basic, zombieorc1_lemuel, minmay_misc_feat_iff,
          amcnicky_mini_corridor_feature, uniq_urug
D:11:     layout_basic
D:12:     layout_gridville, serial_shops, nicolae_shop_trees, shop_fountains,
          nicolae_shop_window_shopping, nicolae_stop_n_shop_2, shop

Skill      XL: |  1  2  3  4  5  6  7  8  9 10 11 |
---------------+----------------------------------+-----
Axes           | 4 5 6 8 9 12 14 16 | 16.0
Fighting       | 7 13 15 | 15.2
Armour         | |  2.5
Dodging        | |  2.2

Action                   |  1- 3 |  4- 6 |  7- 9 | 10-12 || total
-------------------------+-------+-------+-------+-------++-------
Melee: Hand axe          |    86 |    95 |   176 |       ||   357
       Headbutt          |    12 |    24 |    61 |    35 ||   132
       Executioner's axe |       |       |    28 |   123 ||   151
Invok: Berserk           |     3 |     2 |     8 |    11 ||    24
       Trog's Hand       |     1 |     1 |     3 |     4 ||     9
       Brothers in Arms  |       |       |       |     1 ||     1
  Use: Scroll            |       |     2 |     4 |       ||     6
       Potion            |       |       |     5 |       ||     5
 Stab: Distracted        |       |       |       |     1 ||     1
Armor: Animal skin       |     1 |       |       |       ||     1
       Ring mail         |    17 |       |       |       ||    17
       Plate armour      |    13 |    75 |    95 |    37 ||   220
Dodge: Dodged            |    21 |    42 |    72 |    28 ||   163

Table legend: (Time is in decaauts)
 A = Elapsed time spent in this place.
 B = Non-inter-level travel time spent in this place.
 C = Inter-level travel time spent in this place.
 D = Time resting spent in this place.
 E = Time spent auto-exploring this place.
 F = Levels seen in this place.
 G = Mean time per level.
                   A        B        C        D        E       F      G
               +--------+--------+--------+--------+--------+-----+--------+
         Total |  13333 |  12863 |    470 |   2269 |   8705 |  14 |  952.4 |
       Dungeon |  12324 |  11854 |    470 |   1868 |   8376 |  12 | 1027.0 |
       Ossuary |    279 |    279 |      0 |     53 |    146 |   1 |  279.0 |
        Bailey |    730 |    730 |      0 |    347 |    183 |   1 |  730.0 |
               +--------+--------+--------+--------+--------+-----+--------+

Top non-repeatable levels by time:
     D:9: 1503 daAuts
    D:10: 1440 daAuts
     D:1: 1303 daAuts
     D:6: 1218 daAuts
     D:5: 1138 daAuts
     D:2: 1086 daAuts
    D:11: 1070 daAuts
     D:8: 1005 daAuts
     D:3: 894 daAuts
     D:4: 846 daAuts
  Bailey: 730 daAuts
     D:7: 472 daAuts
    D:12: 343 daAuts
 Ossuary: 279 daAuts
